 Dungeon Crawl Stone Soup version 0.30.0-30-g96aa6591b8 (webtiles) character file.

Game seed: 17944048390134017853

11239 PoweredByGinger the Geomancer (level 11, -1/60 HPs)
             Began as a Gargoyle Earth Elementalist on June 23, 2023.
             Was a Priest of Vehumet.
             Slain by a yak (11 damage)
             ... on level 10 of the Dungeon on June 27, 2023.
             The game lasted 00:26:44 (12758 turns).

PoweredByGinger the Geomancer (GrEE)               Turns: 12758, Time: 00:26:45

Health: -1/60      AC: 20    Str: 16    XL:     11   Next: 74%
Magic:  20/22      EV: 12    Int: 19    God:    Vehumet [***...]
Gold:   447        SH:  0    Dex: 10    Spells: 11/25 levels left

rFire   + . .        q - +3 quarterstaff of Kindness {spect, rF+ Str+3}
rCold   . . .        (shield currently unavailable)
rNeg    + . .        a - +0 robe
rPois   ∞            h - +0 helmet
rElec   +            (no cloak)
rCorr   .            (no gloves)
SInv    .            z - +0 pair of boots
Will    .....        (no amulet)
Stlth   ++++         f - +4 ring of protection
HPRegen 0.30/turn    O - +4 ring of protection
MPRegen 0.18/turn

%: no passive effects
@: studying Earth Magic
A: sickness immunity, AC +8, negative energy resistance 1, electricity
resistance, torment resistance 1, petrification resistance
a: Renounce Religion


You were on level 10 of the Dungeon.
You worshipped Vehumet.
Vehumet was most pleased with you.
You visited 2 branches of the dungeon, and saw 12 of its levels.
You also visited: Ossuary.

You collected 447 gold pieces.

Inventory:

Hand Weapons
 i - a +2 dagger of venom
 m - a +4 whip
 q - the +3 quarterstaff of Kindness (weapon) {spect, rF+ Str+3}
   (You found it on level 4 of the Dungeon)

   Str:       It affects your strength (+3).
   rF:        It protects you from fire.
 x - a +2 dagger of pain
 L - a +2 war axe of flaming
Missiles
 d - 94 stones
 r - 24 poisoned darts
 t - 3 curare-tipped darts
 F - 5 boomerangs
Armour
 a - a +0 robe (worn)
 h - a +0 helmet (worn)
 z - a +0 pair of boots (worn)
Magical Staves
 s - a staff of death
Jewellery
 f - a +4 ring of protection (left hand)
 j - a ring of resist corrosion
 B - an amulet of guardian spirit
 D - a ring of wizardry
 O - a +4 ring of protection (right hand)
 R - a ring of flight
Wands
 v - a wand of paralysis (5)
 A - a wand of polymorph (7)
 H - a wand of light (5)
 N - a wand of roots (10)
 Q - a wand of flame (15)
 S - a wand of mindburst (10)
Scrolls
 c - a scroll of summoning {unknown}
 g - 3 scrolls of fog
 k - 3 scrolls of noise
 l - 4 scrolls of immolation
 n - a scroll of vulnerability {unknown}
 o - a scroll of teleportation
 w - 2 scrolls of magic mapping {unknown}
 y - a scroll of poison {unknown}
 C - 3 scrolls of fear
 T - 2 scrolls of enchant armour {unknown}
Potions
 b - a potion of magic
 e - 6 potions of heal wounds
 p - a potion of brilliance {unknown}
 u - 3 potions of haste
 E - 8 potions of curing
 G - 2 potions of flight
 I - a potion of mutation {unknown}
 J - a potion of berserk rage {unknown}
 K - 2 potions of cancellation {unknown}
 M - 2 potions of might {unknown}
 U - 2 potions of lignification {unknown}


   Skills:
 + Level 3.4 Fighting
 + Level 5.7 Staves
 + Level 3.2 Dodging
 + Level 9.3 Stealth
 * Level 7.5 Spellcasting
 * Level 7.5 Conjurations
 - Level 0.7 Transmutations
 * Level 13.6 Earth Magic


You had 11 spell levels left.
You knew the following spells:

 Your Spells              Type           Power      Damage    Failure   Level
a - Sandblast             Erth           100%       2d20      1%          1
b - Stone Arrow           Conj/Erth      94%        3d12      1%          3
c - Magic Dart            Conj           100%       1d8       1%          1
d - Passwall              Tmut/Erth      28%        N/A       1%          2
e - Petrify               Tmut/Erth      34%        N/A       4%          4
f - Inner Flame           Hex/Fire       7%         N/A       8%          3

Your spell library contained the following spells:

 Spells                   Type           Power      Damage    Failure   Level
 Hailstorm                Conj/Ice       21%        3d6       1%          3
 Freeze                   Ice            28%        1d5       2%          1
 Frozen Ramparts          Ice            14%        1d3       8%          3
 Arcjolt                  Conj/Air       10%        1d20      16%         5
 Vhi's Electric Charge    Tloc/Air       14%        N/A       28%         3
 Plasma Beam              Fire/Air       3%         2x1d15    96%         6


Dungeon Overview and Level Annotations

Branches:
Dungeon (11/15)            Temple (1/1) D:6         Ossuary (visited)
   Lair: D:8-11         Orc: D:9-12

Altars:
Ashenzari
Cheibriados
Dithmenos
Elyvilon
Fedhas
Gozag
Hepliaklqana
Kikubaaqudgha
Makhleb
Nemelex Xobeh
Okawaru
Qazlal
Ru
Sif Muna
Trog
Uskayaw
Vehumet
Wu Jian
Xom
Yredelemnul
Zin
The Shining One


Innate Abilities, Weirdness & Mutations

You are immune to sickness and miasma.
Your stone body is resilient. (AC +8)
You are immune to poison.
You resist negative energy. (rN+)
You are resistant to electric shocks. (rElec)
You are resistant to unholy torment.
You are immune to petrification.


Message History

Unknown command.
You start resting.
HP restored.
You start resting.
Magic restored.
You climb downwards.
A hound comes into view.
The yak gores you but does no damage. The yak gores you!
The yak gores you but does no damage.
The hound moves out of view.
There is a stone staircase leading up here.
The yak gores you but does no damage. The yak gores you!
The yak gores you but does no damage.
You climb upwards.
There is a stone staircase leading down here.
Unknown command.
Unknown command.
You open the door. The yak gores you but does no damage. The yak gores you!
The yak misses you. The yak gores you!
There is an open door here.
The yak attacks as you move away! The yak gores you.
* * * LOW HITPOINT WARNING * * *
Unknown command.
The yak attacks as you move away! The yak gores you but does no damage.
The yak attacks as you move away! The yak barely misses you.
There is an open door here.
There is an open door here.
Casting: Sandblast (safe; 1% risk of failure)
Confirm with . or Enter, or press ? or * to list all spells.
Aiming: Passwall (safe; 1% risk of failure)
Press: ? - help, Dir - move target A rock wall.
The yak gores you.
You begin to meditate on the wall.
You continue meditating on the rock.
The yak barely misses you.
You continue meditating on the rock.
The yak gores you!
* * * LOW HITPOINT WARNING * * *
The yak completely misses you. The yak gores you!
You die...

.....# #......# .....#
#......# .....#
#......# .....#
#......# .....#
#......# .....#
#...Y..# .....####
#.##...#
###.....#####'####'###
#.....#.....'Y@.†>.#
#.....#.....#YY...†#
#.....#.....#......#
#.....#...[.#......#
#.)...#.....#......#
#.....#.....#......#
#.....##############
#######


You could see 3 yaks.

Vanquished Creatures
  2 two-headed ogres
  A centaur warrior (D:8)
  A cyclops (D:8)
  An unseen horror (D:8)
  Maggie (D:7)
  A kobold demonologist (D:10)
  Grinder (D:3)
  2 hornets
  A wraith (D:7)
  16 yaks
  Eustachio (D:5)
  A basilisk (D:9)
  3 ice beasts
  A sky beast (D:8)
  3 orc warriors (D:9)
  2 centaurs (D:9)
  An ogre (D:6)
  2 elf zombies (Ossuary)
  3 bullfrogs (D:8)
  4 kobold brigands
  Blork the orc (D:5)
  A gnoll sergeant (D:10)
  4 scorpions
  7 wights
  26 killer bees
  6 electric eels (D:7)
  5 howler monkeys
  3 hounds
  2 jellies (D:5)
  7 orc priests
  3 human zombies (Ossuary)
  4 gnoll boudas
  A sleepcap (D:5)
  3 iguanas
  3 orc wizards
  2 mummies (Ossuary)
  17 gnolls
  8 adders
  A shadow imp (D:6)
  A white imp (D:7)
  An ufetubus (D:5)
  An adder zombie (Ossuary)
  8 worms
  7 dart slugs
  26 orcs
  10 bats
  8 endoplasms
  5 giant cockroaches
  8 goblins
  9 hobgoblins
  11 jackals
  23 kobolds
  4 quokkas
  12 ball pythons
  A frilled lizard (D:3)
  7 hobgoblin zombies (Ossuary)
  4 jackal zombies (Ossuary)
  12 kobold zombies (Ossuary)
  6 orc zombies (Ossuary)
  2 rats
  2 rat zombies (Ossuary)
320 creatures vanquished.

Vanquished Creatures (others)
  An ice beast (D:6)
1 creature vanquished.

Grand Total: 321 creatures vanquished

Notes
Turn   | Place    | Note
-------+----------+-------------------------------------------
     0 | D:1      | PoweredByGinger the Gargoyle Earth Elementalist began the
                  | quest for the Orb.
     0 | D:1      | Reached XP level 1. HP: 10/10 MP: 3/3
   154 | D:1      | Reached XP level 2. HP: 15/15 MP: 1/5
   161 | D:1      | Reached skill level 4 in Earth Magic
   658 | D:1      | Reached XP level 3. HP: 19/19 MP: 6/6
  1258 | D:2      | Reached XP level 4. HP: 20/24 MP: 7/7
  1451 | D:2      | Reached skill level 5 in Earth Magic
  2050 | D:4      | Identified the +3 quarterstaff of Kindness {spect, rF+
                  | Str+3}
  2067 | D:4      | Reached XP level 5. HP: 26/28 MP: 6/9
  2211 | D:4      | Reached skill level 6 in Earth Magic
  2215 | D:4      | Learned a level 3 spell: Stone Arrow
  2281 | D:4      | Found a sand-covered staircase.
  2287 | Ossuary  | Entered an ossuary
  2414 | Ossuary  | Reached XP level 6. HP: 32/32 MP: 10/10
  2476 | Ossuary  | Reached skill level 7 in Earth Magic
  2481 | Ossuary  | Reached XP level 7. HP: 36/36 MP: 5/12
  2682 | D:4      | Found a sacrificial altar of Ru.
  3447 | D:3      | Noticed Grinder
  3536 | D:3      | Found a glowing silver altar of Zin.
  3557 | D:3      | Found a basalt altar of Yredelemnul.
  3746 | D:3      | Found a white marble altar of Elyvilon.
  3815 | D:3      | Killed Grinder
  3816 | D:3      | Reached skill level 5 in Stealth
  3816 | D:3      | Reached skill level 8 in Earth Magic
  3961 | D:3      | Found a hide-covered altar of Uskayaw.
  4065 | D:5      | Entered Level 5 of the Dungeon
  4103 | D:5      | Reached XP level 8. HP: 40/41 MP: 9/14
  4388 | D:5      | Noticed Blork the orc
  4396 | D:5      | Reached skill level 9 in Earth Magic
  4401 | D:5      | Killed Blork the orc
  4402 | D:5      | Reached skill level 1 in Conjurations
  4404 | D:5      | Reached skill level 1 in Staves
  4628 | D:5      | Noticed Eustachio
  4661 | D:5      | Killed Eustachio
  4841 | D:6      | Reached skill level 5 in Spellcasting
  4977 | D:6      | Noticed a hornet
  4986 | D:6      | Reached XP level 9. HP: 45/45 MP: 13/16
  4988 | D:6      | Killed a hornet
  4989 | D:6      | Reached skill level 10 in Earth Magic
  5091 | D:6      | Noticed a two-headed ogre
  5201 | D:6      | Found a staircase to the Ecumenical Temple.
  5345 | Temple   | Entered the Ecumenical Temple
  5497 | Temple   | Became a worshipper of Vehumet
  5708 | D:6      | Identified the +5 trident of the Little People {flame,
                  | Will+ Str+4 SInv Stlth-}
  5758 | D:6      | Killed a two-headed ogre
  5952 | D:7      | Noticed Maggie
  5958 | D:7      | Killed Maggie
  5959 | D:7      | Reached skill level 11 in Earth Magic
  6197 | D:7      | Reached XP level 10. HP: 42/50 MP: 11/19
  6434 | D:8      | Noticed a cyclops
  6583 | D:8      | Noticed a centaur warrior
  6680 | D:7      | Reached * piety under Vehumet
  6680 | D:7      | Offered knowledge of Magic Dart by Vehumet.
  7263 | D:7      | Upgraded the game from 0.30.0-29-ga12c61a403 to
                  | 0.30.0-30-g96aa6591b8
  7835 | D:8      | Reached skill level 5 in Conjurations
  7870 | D:8      | Paralysed by an orc for 5 turns
  7945 | D:8      | Noticed a two-headed ogre
  7957 | D:8      | Learned a level 1 spell: Magic Dart
  7960 | D:8      | Learned a level 2 spell: Passwall
  7965 | D:8      | Learned a level 4 spell: Petrify
  8009 | D:8      | Reached skill level 12 in Earth Magic
  8526 | D:8      | Killed a centaur warrior
  8526 | D:8      | Offered knowledge of Foxfire by Vehumet.
  8527 | D:8      | Reached skill level 1 in Fighting
  8706 | D:8      | Killed a cyclops
  8707 | D:8      | Reached skill level 5 in Staves
  8882 | D:8      | Reached ** piety under Vehumet
  9163 | D:8      | Killed a two-headed ogre
  9164 | D:8      | Reached XP level 11. HP: 36/57 MP: 8/21
 10787 | D:9      | Reached skill level 13 in Earth Magic
 10914 | D:9      | Offered knowledge of Inner Flame by Vehumet.
 11472 | D:10     | Entered Level 10 of the Dungeon
 11961 | D:10     | Reached *** piety under Vehumet
 11966 | D:10     | Learned a level 3 spell: Inner Flame
 12441 | D:10     | Found a snail-covered altar of Cheibriados.
 12583 | D:10     | Identified the +0 ring mail "Eclith" {rPois Regen+ Str-3
                  | Dex+3}
 12758 | D:10     | Slain by a yak

Illustrated notes

Levels and vault maps discovered:
D:1:      dpeg_arrival_pits, layout_basic, kennysheep_decorative_pillar
D:2:      layout_loops_ring
D:3:      layout_basic, nicolae_overflow_quartered_altars, serial_curves,
          eino_curves_01, eino_curves_03, kennysheep_generic_room_14,
          uniq_grinder
D:4:      kennysheep_spiral_hall, layout_loops_ring,
          nicolae_ru_great_annihilating_truth, nicolae_ossuary_entry_plus,
          serial_bayou_pond_d
D:5:      layout_rooms, uniq_eustachio, uniq_blork_the_orc
D:6:      layout_rooms, lemuel_temple_firewalk_a, supply_closet_lemuel
D:7:      cheibrodos_two_vegetables, layout_basic, uniq_maggie
D:8:      layout_rooms, enter_bailey_3, minmay_manual_macuahuitl
D:9:      layout_loops_corners, hangedman_decor_riveting
D:10:     layout_gridville, cheibrodos_worm_habitat
D:11:     layout_stronghold, dpeg_oklobed_lair, orc_0_dummy,
          mrwooster_statue_mirror, introduction_to_nature_1
Temple:   nicolae_temple_bog_church

Skill      XL: |  1  2  3  4  5  6  7  8  9 10 11 |
---------------+----------------------------------+-----
Earth Magic    | 4 5 6 7 8 9 11 12 13 | 13.6
Stealth        | 3 4 5 6 7 8 9 |  9.3
Spellcasting   | 3 4 5 6 7 |  7.5
Conjurations   | 2 4 6 7 |  7.5
Staves         | 2 3 5 |  5.7
Fighting       | 2 3 |  3.4
Dodging        | 2 3 |  3.2
Transmutations | |  0.7

Action                     |  1- 3 |  4- 6 |  7- 9 | 10-12 || total
---------------------------+-------+-------+-------+-------++-------
  Melee: Dagger            |    71 |    35 |       |       ||   106
         Punch             |     1 |     1 |       |       ||     2
         Quarterstaff      |       |    51 |   123 |    63 ||   237
   Cast: Sandblast         |    25 |    41 |    58 |   137 ||   261
         Stone Arrow       |       |       |    20 |   101 ||   121
         Passwall          |       |       |       |     1 ||     1
  Evoke: Wand              |       |       |     3 |       ||     3
    Use: Potion            |       |       |     1 |     1 ||     2
         Scroll            |       |       |       |    11 ||    11
   Stab: Sleeping          |     7 |     5 |    10 |     2 ||    24
         Distracted        |       |     2 |       |       ||     2
         Paralysed         |       |       |     5 |       ||     5
 Armour: Robe              |    29 |    61 |    81 |   126 ||   297
  Dodge: Dodged            |    46 |    75 |   100 |   171 ||   392
